AoeStats
← Zutn

MegaRandom

510287570Analyzed
2v2 RM · 17h ago on Sep 30, 2026· 40m 16s· 4 players
Game mode
Random Map
Map size
Medium (4 player)
Population
200
Speed
Normal
Resources
Standard
Victory
Conquest
Starting age
Dark Age
Ending age
Imperial Age
RankedLock teamsTeams togetherTeam positionsShared explorationLock speedFull tech treeHidden civsTurbo modeCheats
Victory
Defeat
🇩🇪 Malay · Germany
1289
+14
🇩🇪 Mapuche · Germany
1210
+18
🇨🇭 Maya · Switzerland
1274
-17
🇮🇹 Japanese · Italy
1217
-15
davidents
5:10 Loom
11:05 Feudal Age
13:42 Man-at-Arms
22:04 Castle Age
21:22 Scale Mail Armor
21:36 Horse Collar
25:06 Squires
25:53 Long Swordsman
26:19 Gambesons
26:36 Double-Bit Axe
27:32 Arson
28:28 Chain Mail Armor
37:38 Imperial Age
alexminho
0:26 Loom
10:48 Feudal Age
11:36 Double-Bit Axe
13:33 Fletching
21:27 Castle Age
19:53 Padded Archer Armor
21:33 Crossbowman
22:17 Bodkin Arrow
27:23 Leather Archer Armor
27:11 Horse Collar
31:18 Ballistics
33:52 Wheelbarrow
33:03 Town Watch
34:10 Bow Saw
40:31 Imperial Age
38:18 Hand Cart
39:47 Thumb Ring
Zutn
0:33 Loom
11:46 Feudal Age
12:08 Champi Runner
12:58 Arson
13:56 Forging
14:29 Scale Mail Armor
16:52 Fletching
19:37 Town Watch
24:12 Castle Age
24:20 Champi Warrior
25:17 Chain Mail Armor
28:14 Iron Casting
30:41 Double-Bit Axe
32:31 Bow Saw
32:04 Horse Collar
34:21 Wheelbarrow
33:45 Gold Mining
34:56 Padded Archer Armor
35:28 Ballistics
35:17 Bodkin Arrow
36:50 Malon
37:46 Leather Archer Armor
42:29 Imperial Age
41:01 Gold Shaft Mining
Tintenroller
0:34 Loom
10:34 Feudal Age
10:11 Double-Bit Axe
10:00 Man-at-Arms
15:18 Fletching
17:01 Padded Archer Armor
17:08 Horse Collar
25:07 Castle Age
24:40 Bodkin Arrow
24:07 Elite Skirmisher
25:22 Leather Archer Armor
26:19 Crossbowman
27:38 Town Watch
28:28 Ballistics
29:01 Gold Mining
29:44 Bow Saw
32:07 Thumb Ring
32:45 Heavy Plow
33:03 Forging
34:26 Wheelbarrow
34:13 Squires
40:21 Imperial Age
38:56 Hand Cart
39:31 Masonry
39:49 Bracer
39:16 Arbalester
40:22 Conscription
Connection lost

Rejoining the realm…

Still unreachable

The connection could not be restored.

Session expired

The server has moved on; the page needs a fresh start.